 Dungeon Crawl Stone Soup version 0.20.0-8-g6b59dc7 (webtiles) character file.

115292 Gorglomux the Unseen (level 16, -1/127 HPs)
             Began as a Vampire Skald on June 2, 2017.
             Was the Champion of Nemelex Xobeh.
             Slain by an alligator snapping turtle (42 damage)
             ... on level 2 of the Shoals.
             The game lasted 02:02:28 (39448 turns).

Gorglomux the Unseen (Vampire Skald)               Turns: 39448, Time: 02:02:28

Health: -1/127     AC: 10    Str: 13    XL:     16   Next: 18%
Magic:  23/29      EV: 20    Int: 19    God:    Nemelex Xobeh [******]
Gold:   491        SH:  6    Dex: 21    Spells: 7/33 levels left

rFire    + . .     SeeInvis +   W - +1 quick blade "Kukleim" {elec, +Blink rC+ Stlth+}
rCold    + + +     Gourm    .   y - +0 buckler "Turghotro" {rC+}
rNeg     + . .     Faith    .   m - +1 leather armour of the Desolation of Salt {rC+ Dex+2}
rPois    .         Spirit   .   p - +1 hat
rElec    .         Reflect  .   (no cloak)
rCorr    .         Harm     .   s - +2 pair of gloves of the Fifty Ghosts {Str+3}
MR       ++...                  D - +0 pair of boots {Fly}
Stlth    +++++++...             (no amulet)
Regen    1.4/turn               z - ring of wizardry
MPRegen  0.3/turn               c - ring "Jipnel" {rF+ rC+ MR+ Int+2}

@: flying, very slightly contaminated, regenerating
A: fangs 3, see invisible, unbreathing
a: Bat Form, Triple Draw, Deal Four, Stack Five, Renounce Religion, Evoke Blink,
Stop Flying


You were on level 2 of the Shoals.
You worshipped Nemelex Xobeh.
Nemelex Xobeh was exalted by your worship.
You were not thirsty.

You visited 6 branches of the dungeon, and saw 27 of its levels.
You also visited: Labyrinth, Sewer and Ice Cave.

You collected 2967 gold pieces.
You spent 2476 gold pieces at shops.

Inventory:

Hand Weapons
 W - the +1 quick blade "Kukleim" (weapon) {elec, +Blink rC+ Stlth+}
   (You acquired it on level 14 of the Dungeon)

   Occasionally, upon striking a foe, it will discharge some electrical energy
   and cause terrible harm.
   It protects you from cold.
   It lets you blink.
   It makes you more stealthy.
Missiles
 Z - 3 throwing nets (quivered)
Armour
 b - +0 acid dragon scales
 j - a +0 pair of boots of stealth
 m - the +1 leather armour of the Desolation of Salt (worn) {rC+ Dex+2}
   (You bought it in a shop on level 2 of the Orcish Mines)

   It affects your dexterity (+2).
   It protects you from cold.
 p - a +1 hat (worn)
 s - the +2 pair of gloves of the Fifty Ghosts (worn) {Str+3}
   (You found it on level 14 of the Dungeon)

   It affects your strength (+3).
 y - the +0 buckler "Turghotro" (worn) {rC+}
   (You found it in a labyrinth)

   It protects you from cold.
 D - a +0 pair of boots of flying (worn)
Jewellery
 c - the ring "Jipnel" (right hand) {rF+ rC+ MR+ Int+2}
   (You bought it in a shop on level 2 of the Orcish Mines)

   [ring of protection from magic]

   It affects your intelligence (+2).
   It protects you from fire.
   It protects you from cold.
   It affects your resistance to hostile enchantments.
 f - an uncursed ring of protection from fire
 u - a +5 ring of protection
 v - the ring of Pizipt {rF++ rC+ Dex+5 Slay-6}
   (You found it in an ice cave)

   [ring of protection from cold]

   It affects your dexterity (+5).
   It affects your accuracy and damage with ranged weapons and melee attacks
   (-6).
   It greatly protects you from fire.
   It protects you from cold.
 z - a ring of wizardry (left hand)
Wands
 l - a wand of iceblast (10/15)
 A - a wand of acid (13/15)
 L - a wand of lightning (7/15)
Scrolls
 o - a scroll of recharging
 r - 3 scrolls of fog
 B - a scroll of blinking
 C - a scroll of amnesia
 J - a scroll of summoning
 M - 4 scrolls of magic mapping
 N - 2 scrolls of fear
 T - 7 scrolls of teleportation
 V - 7 scrolls of remove curse
 X - 2 scrolls of immolation
Potions
 d - 10 potions of blood
 e - a potion of cancellation
 g - 6 potions of brilliance
 h - 8 potions of might
 n - a potion of resistance
 q - 3 potions of magic
 t - 8 potions of agility
 w - a potion of invisibility
 F - 3 potions of heal wounds
 H - 2 potions of ambrosia
 Q - 11 potions of curing
 U - a potion of mutation {!q}
Books
 G - a book of Burglary

   Spells                             Type                      Level
   a - Swiftness                      Charms/Air                   2
   b - Passwall                       Transmutation/Earth          2
   c - Passage of Golubria            Translocation                4
   d - Lee's Rapid Deconstruction     Earth                        5
   e - Darkness                       Hexes                        6
   f - Invisibility                   Hexes                        6
Miscellaneous
 a - a plain deck of destruction {god gift}
 i - a legendary deck of destruction {god gift}
 k - a plain deck of destruction {god gift}
 x - a legendary deck of summoning {god gift}
 E - an ornate deck of destruction {god gift}
 I - a legendary deck of escape {god gift}
 K - a plain deck of summoning {god gift}
 O - a plain deck of summoning {drawn: 6} {god gift}
 P - a plain deck of destruction {god gift}
 Y - a legendary deck of summoning {god gift}


   Skills:
 + Level 12.0 Fighting
 - Level 10.3 Short Blades
 + Level 5.8 Armour
 - Level 9.7 Dodging
 + Level 15.3 Stealth
 - Level 4.0 Shields
 + Level 9.1 Spellcasting
 + Level 13.7 Hexes
 - Level 6.2 Charms
 - Level 7.0 Summonings
 - Level 5.4 Necromancy
 - Level 6.7 Air Magic
 - Level 7.5 Invocations


You had 7 spell levels left.
You knew the following spells:

 Your Spells              Type           Power        Failure   Level  Hunger
a - Animate Skeleton      Necr           N/A          1%          1    None
b - Infusion              Chrm           ####         1%          1    None
l - Summon Lightning Spi  Summ/Air       ####....     2%          4    ###....
o - Apportation           Tloc           #.....       4%          1    None
x - Confuse               Hex            ######..     1%          3    None
I - Invisibility          Hex            ######..     2%          6    ######.
R - Regeneration          Chrm/Necr      ####......   1%          3    None
U - Control Undead        Necr           ####......   4%          4    ###....
W - Spectral Weapon       Hex/Chrm       #####...     1%          3    None


Dungeon Overview and Level Annotations

Branches:
Dungeon (15/15)            Temple (1/1) D:4            Lair (6/6) D:8
 Shoals (2/4) Lair:4        Snake (1/4) Lair:2        Slime (0/5) Lair:6
    Orc (2/2) D:12            Elf (0/3) Orc:2        Vaults (0/5) D:13
 Depths (0/5) D:15

Altars:
Ashenzari
Cheibriados
Dithmenos
Elyvilon
Fedhas
Gozag
Hepliaklqana
Kikubaaqudgha
Makhleb
Nemelex Xobeh
Okawaru
Qazlal
Ru
Sif Muna
Trog
Uskayaw
Vehumet
Xom
Yredelemnul
Zin
The Shining One
Beogh

Shops:
D:12 =[=   Orc:2 *[((:[%==

Annotations:
D:10 3 runed doors, exclusions: obsidian statue and orange crystal statue
Lair:5 exclusion: 4 oklob plants


Innate Abilities, Weirdness & Mutations

You have razor-sharp teeth.
You have supernaturally acute eyesight. (SInv)
You can survive without breathing.


Message History

Yummy - fresh blood!
You flicker for a moment.
Yummy - fresh blood!
Yummy - fresh blood!
Press: ? - help, v - describe, . - travel
Here: an alligator snapping turtle (hasn't noticed you) Some shallow water.
Casting: Regeneration
Confirm with . or Enter, or press ? or * to list all spells.
Aiming: Confuse
Press: ? - help, Shift-Dir - straight line, f - alligator snapping turtle
Aim: an alligator snapping turtle (hasn't noticed you, chance to defeat MR: 41%)
The alligator snapping turtle appears confused.
You are too injured to fight recklessly!
You are too injured to fight recklessly!
You are too injured to fight recklessly!
You flicker back into view.
The alligator snapping turtle bites you!!!
You die...
Your body glows with a rainbow of weird colours and disappears.

#≈≈≈≈≈≈≈PP.# #### #.≈..≈
#≈≈≈≈≈≈≈≈P.## ##.≈≈≈≈
#≈≈≈≈≈≈≈PPP.# ### ##..)≈≈≈
#≈≈≈≈≈P≈≈≈..# #P# ##...(≈≈≈
#≈≈≈≈≈≈≈≈P### #.###...≈≈≈≈≈
#≈≈≈≈≈≈≈≈P.# ##.....≈≈≈≈≈≈≈
#≈≈≈≈≈≈≈≈..# #...≈≈≈≈≈≈≈≈≈≈
#≈≈≈≈≈≈≈≈..###..P≈≈≈≈≈≈≈≈≈≈
#≈≈≈≈≈≈≈≈≈@PP.....≈≈≈≈≈≈≈≈≈
#≈≈≈≈≈≈≈≈≈≈t...#P≈≈≈≈≈≈≈≈≈≈
#≈≈≈≈≈≈≈≈≈≈≈....P≈≈≈≈≈≈≈≈≈≈
#≈≈≈≈≈≈≈≈≈≈≈...PP≈≈≈≈≈≈≈≈≈≈
#≈≈≈≈≈≈≈≈≈≈≈≈≈≈≈≈≈PP≈≈≈≈≈≈≈
≈≈≈≈≈≈≈≈≈≈≈≈≈≈≈P(≈≈}≈≈≈≈≈≈
≈≈≈≈≈≈≈≈≈≈≈PPPP...P≈≈≈≈≈≈
≈≈≈≈≈≈≈≈≈≈≈≈PPP###P≈≈≈≈≈≈
≈≈≈≈≈≈≈≈≈≈≈≈≈P#


#P≈P≈PPP You could see an alligator snapping turtle (confused).

Vanquished Creatures
  A kraken (Shoals:1)
  Kirke (D:13)
  Donald (Orc:2)
  An orc warlord (Orc:2)
  A merfolk javelineer (Shoals:1)
  A minotaur (Lab)
  Josephine (D:13)
  2 merfolk impalers (Shoals:2)
  7 hydras
  2 anacondas (Snake:1)
  A death knight (D:14)
  A merfolk aquamancer (Shoals:2)
  A merfolk avatar (Shoals:1)
  2 centaur warriors (D:14)
  10 two-headed ogres
  A tengu warrior (D:14)
  2 orc high priests (Orc:2)
  A shock serpent (Snake:1)
  4 death yaks (Lair:2)
  A naga sharpshooter (Snake:1)
  Nergalle (Orc:1)
  2 wizards
  8 sea snakes
  2 unseen horrors
  A naga ritualist (Snake:1)
  2 deep elf magi (D:15)
  5 orc knights
  2 ugly things
  2 orc sorcerers (Orc:2)
  5 cyclopes
  3 fauns (Shoals:2)
  A salamander (Lair:2)
  A shining eye (Orc:2)
  3 manticores
  3 elephants (Lair:6)
  8 black mambas
  5 merfolk sirens
  An ice statue (IceCv)
  Joseph (D:7)
  Maurice (Orc:2)
  5 water nymphs (Shoals:1)
  2 naga magi
  11 spiny frogs
  3 rime drakes
  5 yaktaurs (D:15)
  A freezing wraith (D:14)
  7 komodo dragons
  13 trolls
  12 merfolk
  A queen bee (D:14)
  2 meliai (D:14)
  4 blink frogs (Lair:6)
  3 wind drakes
  A hornet (D:13)
  4 slime creatures
  10 hippogriffs
  5 snapping turtles
  8 dream sheep
  2 shadows
  3 water elementals
  3 wraiths
  A hog (D:13)
  A human (shapeshifter) (D:13)
  5 wyverns
  A steam dragon (Lair:3)
  3 basilisks
  27 yaks
  A hungry ghost (D:12)
  2 nagas
  3 vampire mosquitoes (D:12)
  3 wargs
  20 water moccasins
  3 soldier ants
  An acid dragon (D:15)
  5 porcupines
  36 orc warriors
  A necrophage (D:12)
  A phantom (D:11)
  14 ice beasts
  9 sky beasts
  An eye of draining (D:12)
  6 wolves
  2 black bears
  9 ogres
  9 centaurs
  11 crocodiles
  A big kobold (Sewer)
  14 bullfrogs
  2 wyvern zombies
  2 scorpions
  28 killer bees
  4 howler monkeys
  2 electric eels (Lair:2)
  5 crimson imps
  A bullfrog zombie (D:5)
  10 hounds
  4 jellies
  24 orc priests
  3 bullfrog skeletons
  5 centaur skeletons
  33 orc wizards
  5 iguanas
  5 worker ants
  2 hound skeletons
  A howler monkey zombie (D:10)
  2 howler monkey skeletons
  A worker ant zombie (D:5)
  13 adders
  3 gnolls
  A river rat (Sewer)
  4 shadow imps
  2 oozes
  A worm (D:3)
  An adder skeleton (D:10)
  2 dart slugs (D:1)
  A leopard gecko (shapeshifter) (D:13)
  7 leopard geckos
  98 orcs
  3 ball pythons
  11 bats
  5 giant cockroaches
  14 goblins
  10 hobgoblins
  9 jackals
  6 frilled lizards
  10 kobolds
  6 rats
  A fungus (Lair:6)
741 creatures vanquished.

Vanquished Creatures (collateral kills)
  Gastronok (Lair:3)
  Frances (D:13)
  2 frost giants (D:14)
  Nessos (D:14)
  The ghost of crawlian the Arsonist, a journeyman DEFE of Sif Muna (Lair:3)
  2 naga warriors (Snake:1)
  5 hydras
  2 ice dragons (IceCv)
  An anaconda (Snake:1)
  A two-headed ogre (D:15)
  The ghost of anfisbena the Carver, a novice DsBe of Trog (D:9)
  2 ogre magi
  The ghost of anfisbena the Cleaver, a novice HOFi of Uskayaw (D:7)
  A shock serpent (Snake:1)
  A mana viper (Snake:1)
  A salamander (Snake:1)
  A cyclops (D:14)
  3 manticores
  2 merfolk sirens (Lair:4)
  2 guardian serpents (Snake:1)
  A black mamba (Lair:3)
  An ice statue (IceCv)
  2 naga magi (Snake:1)
  5 spiny frogs
  A rime drake (Lair:6)
  A komodo dragon (Lair:5)
  A meliai (D:14)
  A polar bear (shapeshifter) (D:13)
  2 hippogriffs
  A slime creature (D:14)
  4 dream sheep
  20 yaks
  4 wraiths
  A basilisk (D:14)
  A vampire mosquito (D:12)
  5 nagas
  2 porcupines
  A water moccasin (Lair:4)
  3 orc warriors
  3 ice beasts (IceCv)
  A necrophage (D:14)
  3 wolves
  3 centaurs (D:14)
  An ogre (D:15)
  A bullfrog (Lair:5)
  6 killer bees (D:14)
  A lava snake (Lair:2)
  A crimson imp (D:15)
  3 orc wizards (D:8)
  2 jellies
  A worker ant (D:12)
  A killer bee zombie (D:8)
  2 adders (Lair:4)
  9 orcs
127 creatures vanquished.

Vanquished Creatures (others)
  A black mamba (Snake:1)
  A centaur skeleton (D:11)
  2 freezing wraiths (D:15)
  2 humans (D:13)
  2 orc warriors (Orc:2)
  A wyvern skeleton (D:15)
  4 killer bees
  A bullfrog skeleton (D:11)
  2 orc wizards
  2 orcs (Orc:2)
  22 fungi
  16 plants
  12 spectral weapons
  8 tentacles (Shoals:1)
76 creatures vanquished.

Grand Total: 944 creatures vanquished

Notes
Turn   | Place    | Note
-------+----------+-------------------------------------------
     0 | D:1      | Gorglomux the Vampire Skald began the quest for the Orb.
     0 | D:1      | Reached XP level 1. HP: 16/16 MP: 3/3
    67 | D:1      | Reached skill level 1 in Stealth
   236 | D:1      | Reached XP level 2. HP: 22/22 MP: 3/5
   312 | D:1      | Reached skill level 2 in Stealth
   693 | D:1      | Reached skill level 3 in Short Blades
   748 | D:1      | Reached skill level 3 in Stealth
   753 | D:1      | Reached XP level 3. HP: 14/27 MP: 0/6
  1163 | D:1      | Learned a level 3 spell: Regeneration
  1379 | D:2      | Found a faded altar of an unknown god.
  1574 | D:2      | Reached XP level 4. HP: 27/33 MP: 4/7
  1588 | D:2      | Reached skill level 4 in Stealth
  1912 | D:3      | Learned a level 3 spell: Spectral Weapon
  2089 | D:3      | Reached XP level 5. HP: 32/38 MP: 2/8
  2155 | D:3      | Reached skill level 5 in Stealth
  2679 | D:3      | Found an opulent altar of Gozag.
  2981 | D:4      | Reached skill level 6 in Stealth
  2981 | D:4      | Reached XP level 6. HP: 26/44 MP: 2/9
  3111 | D:4      | Found a staircase to the Ecumenical Temple.
  3198 | Temple   | Entered the Ecumenical Temple
  3295 | Temple   | Became a worshipper of Nemelex Xobeh the Trickster
  3359 | D:4      | Received a gift from Nemelex Xobeh
  3491 | D:4      | Found a glowing golden altar of the Shining One.
  3493 | D:4      | Found a sacrificial altar of Ru.
  3566 | D:4      | Found a stormy altar of Qazlal.
  3686 | D:4      | Got a jewelled hunting sling
  3687 | D:4      | Identified the cursed +3 hunting sling of the Old World {flame, *Drain Str+2 Int+5} (You found it on level 4 of the Dungeon)
  3858 | D:4      | Reached skill level 7 in Stealth
  4020 | D:4      | Reached skill level 6 in Short Blades
  4177 | D:5      | Entered Level 5 of the Dungeon
  4263 | D:5      | Reached * piety under Nemelex Xobeh
  4291 | D:5      | Reached XP level 7. HP: 49/49 MP: 10/10
  4350 | D:5      | Reached skill level 8 in Stealth
  4627 | D:5      | Reached skill level 9 in Stealth
  4834 | D:6      | Received a gift from Nemelex Xobeh
  4857 | D:6      | Reached skill level 1 in Hexes
  4982 | D:6      | Reached XP level 8. HP: 55/55 MP: 7/12
  5067 | D:6      | Found an ancient bone altar of Kikubaaqudgha.
  5106 | D:6      | Found a shimmering altar of Xom.
  5119 | D:6      | Found an iron altar of Okawaru.
  5179 | D:6      | Reached skill level 3 in Hexes
  5186 | D:6      | Found a glowing drain.
  5204 | Sewer    | Entered a sewer
  5280 | Sewer    | Reached skill level 3 in Spellcasting
  5308 | Sewer    | Found a glowing silver altar of Zin.
  5573 | D:7      | Noticed a hippogriff
  5583 | D:7      | Noticed anfisbena's ghost (novice HOFi)
  5895 | D:7      | Killed anfisbena's ghost
  5899 | D:7      | Killed a hippogriff
  6583 | D:7      | Reached XP level 9. HP: 22/61 MP: 7/15
  6671 | D:7      | Noticed Joseph
  7633 | D:7      | Killed Joseph
  7633 | D:7      | Reached skill level 6 in Hexes
  7633 | D:7      | Reached skill level 6 in Charms
  8276 | D:8      | Found a staircase to the Lair.
  8277 | D:8      | Reached ** piety under Nemelex Xobeh
  8467 | D:8      | Reached skill level 1 in Necromancy
  8501 | D:8      | Reached skill level 9 in Short Blades
  9121 | D:8      | Reached skill level 3 in Necromancy
  9377 | D:9      | Found a basalt altar of Yredelemnul.
  9531 | D:9      | Received a gift from Nemelex Xobeh
  9618 | D:9      | Noticed anfisbena's ghost (novice DsBe)
  9661 | D:9      | Killed anfisbena's ghost
  9661 | D:9      | Reached XP level 10. HP: 22/67 MP: 15/18
  9906 | D:9      | Learned a level 4 spell: Summon Lightning Spire
 10338 | D:10     | Entered Level 10 of the Dungeon
 10340 | D:10     | Noticed an unseen horror
 10342 | D:10     | Reached skill level 6 in Spellcasting
 10370 | D:10     | Reached *** piety under Nemelex Xobeh
 10376 | D:10     | Found a runed door.
 10392 | D:10     | Found a runed door.
 10405 | D:10     | Found a runed door.
 10455 | D:10     | Found a runed door.
 10692 | D:10     | Killed an unseen horror
 10858 | D:10     | Received a gift from Nemelex Xobeh
 10909 | D:10     | Reached skill level 1 in Summonings
 10926 | D:10     | Reached skill level 1 in Air Magic
 11079 | D:10     | Noticed an orange crystal statue
 11128 | D:10     | Noticed an obsidian statue
 11243 | D:11     | Noticed an eight-headed hydra
 11243 | D:11     | Noticed a four-headed hydra
 11257 | D:11     | Noticed a centaur warrior
 11266 | D:11     | Received a gift from Nemelex Xobeh
 11266 | D:11     | Noticed a manticore
 11266 | D:11     | Noticed a centaur warrior
 11268 | D:11     | Noticed a centaur warrior
 11406 | D:11     | Noticed a green ugly thing
 11431 | D:11     | Killed a green ugly thing
 11454 | D:11     | Noticed a two-headed ogre
 11477 | D:11     | Killed a two-headed ogre
 11477 | D:11     | Reached skill level 3 in Fighting
 11477 | D:11     | Reached skill level 3 in Summonings
 11498 | D:11     | Noticed a two-headed ogre
 11551 | D:11     | Killed a two-headed ogre
 11551 | D:11     | Reached skill level 3 in Air Magic
 11615 | D:11     | Noticed a cyclops
 11618 | D:11     | Killed a cyclops
 11618 | D:11     | Reached XP level 11. HP: 76/76 MP: 22/22
 12107 | Lair:1   | Entered Level 1 of the Lair of Beasts
 12403 | Lair:1   | Noticed an eight-headed hydra
 12461 | Lair:1   | Killed an eight-headed hydra
 12526 | Lair:1   | Reached **** piety under Nemelex Xobeh
 12597 | Lair:1   | Noticed a seven-headed hydra
 13483 | Lair:1   | Killed a seven-headed hydra
 13509 | Lair:1   | Noticed a four-headed hydra
 13553 | Lair:1   | Killed a four-headed hydra
 13944 | Lair:1   | Reached skill level 6 in Summonings
 14245 | Lair:2   | Found a staircase to the Snake Pit.
 14261 | Lair:2   | Reached skill level 6 in Fighting
 14285 | Lair:2   | Received a gift from Nemelex Xobeh
 14293 | Lair:2   | Reached skill level 6 in Air Magic
 14793 | Lair:2   | Found a frozen archway.
 14803 | IceCv    | Entered an ice cave
 14876 | IceCv    | Reached XP level 12. HP: 89/89 MP: 13/23
 14990 | IceCv    | Received a gift from Nemelex Xobeh
 16118 | IceCv    | Reached skill level 1 in Invocations
 16567 | IceCv    | Noticed an ice dragon
 16567 | IceCv    | Noticed an ice dragon
 17135 | IceCv    | Killed an ice dragon
 17146 | IceCv    | Killed an ice dragon
 17146 | IceCv    | Reached skill level 3 in Dodging
 17209 | IceCv    | Got a warped bronze ring
 17240 | IceCv    | Identified the ring of Pizipt {rF++ rC+ Dex+5 Slay-6} (You found it in an ice cave)
 18640 | Lair:2   | Received a gift from Nemelex Xobeh
 18758 | Lair:3   | Noticed Gastronok
 18775 | Lair:3   | Killed Gastronok
 18775 | Lair:3   | Reached skill level 3 in Invocations
 18851 | Lair:3   | Noticed a four-headed hydra
 18940 | Lair:3   | Killed a four-headed hydra
 19001 | Lair:3   | Reached ***** piety under Nemelex Xobeh
 19343 | Lair:3   | Received a gift from Nemelex Xobeh
 19366 | Lair:3   | Noticed crawlian's ghost (journeyman DEFE)
 19396 | Lair:3   | Killed crawlian's ghost
 19922 | Lair:4   | Found a staircase to the Shoals.
 19923 | Lair:4   | Received a gift from Nemelex Xobeh
 20096 | Lair:4   | Reached skill level 6 in Dodging
 20700 | Lair:4   | Learned a level 3 spell: Confuse
 20705 | Lair:4   | Learned a level 4 spell: Control Undead
 20705 | Lair:4   | Received a gift from Nemelex Xobeh
 21382 | Lair:4   | Received a gift from Nemelex Xobeh
 21453 | Lair:4   | Reached XP level 13. HP: 85/99 MP: 11/24
 22106 | Lair:5   | Received a gift from Nemelex Xobeh
 22224 | Lair:5   | Reached skill level 9 in Fighting
 22261 | Lair:5   | Learned a level 1 spell: Animate Skeleton
 22823 | Lair:5   | Reached skill level 6 in Invocations
 22945 | Lair:4   | Learned a level 1 spell: Apportation
 23024 | Lair:5   | Got a translucent dagger
 23025 | Lair:5   | Identified the +6 dagger "Ozesyfud" {freeze, *Slow Str+10} (You found it on level 5 of the Lair of Beasts)
 23026 | Lair:5   | Got a translucent leather armour
 23037 | Lair:5   | Identified the +0 leather armour of the Many Coins {MR+ MP+9} (You found it on level 5 of the Lair of Beasts)
 23038 | Lair:5   | Got a wavering zirconium amulet
 23039 | Lair:5   | Identified the amulet "Mouweini" {Spirit MR+} (You found it on level 5 of the Lair of Beasts)
 23502 | Lair:6   | Entered Level 6 of the Lair of Beasts
 23788 | Lair:6   | Received a gift from Nemelex Xobeh
 24423 | Lair:6   | Reached ****** piety under Nemelex Xobeh
 25341 | Lair:6   | Found a glowing silver altar of Zin.
 25363 | Lair:6   | Received a gift from Nemelex Xobeh
 25378 | Lair:6   | Found a staircase to the Slime Pits.
 26178 | Lair:6   | Reached skill level 9 in Dodging
 26532 | D:12     | Found a staircase to the Orcish Mines.
 26931 | D:12     | Found Bashrept's Jewellery Boutique.
 27033 | D:12     | Found Talyil's Armour Shoppe.
 27067 | D:12     | Bought a +1 pair of gloves for 172 gold pieces
 27090 | D:12     | Found Nuwew's Jewellery Shop.
 27749 | D:13     | Found a gate to the Vaults.
 27752 | D:13     | Noticed Kirke
 27779 | D:13     | Killed Kirke
 27828 | D:13     | Noticed Frances
 27837 | D:13     | Killed Frances
 27897 | D:13     | Reached XP level 14. HP: 111/111 MP: 25/25
 27939 | D:13     | Received a gift from Nemelex Xobeh
 27958 | D:13     | Noticed Josephine
 27965 | D:13     | Found a labyrinth entrance.
 27988 | D:13     | Killed Josephine
 28048 | Lab      | Entered a labyrinth
 28393 | Lab      | Got a crude buckler
 28399 | Lab      | Identified the cursed +0 buckler "Turghotro" {rC+} (You found it in a labyrinth)
 28530 | D:13     | Reached skill level 10 in Stealth
 29227 | D:13     | Received a gift from Nemelex Xobeh
 29382 | D:14     | Noticed Nessos
 29401 | D:14     | Killed Nessos
 29401 | D:14     | Reached skill level 1 in Shields
 29782 | D:14     | Reached skill level 9 in Hexes
 29950 | D:14     | Reached skill level 11 in Stealth
 30211 | D:14     | Received a gift from Nemelex Xobeh
 30214 | D:14     | Got a pair of crude gloves
 30225 | D:14     | Identified the +2 pair of gloves of the Fifty Ghosts {Str+3} (You found it on level 14 of the Dungeon)
 30562 | D:14     | Identified a scroll of acquirement
 30564 | D:14     | Got a translucent quick blade
 30565 | D:14     | Identified the +1 quick blade "Kukleim" {elec, +Blink rC+ Stlth+} (You acquired it on level 14 of the Dungeon)
 30739 | D:14     | Reached skill level 3 in Shields
 30914 | D:14     | Noticed a frost giant
 31018 | D:14     | Noticed a frost giant
 31451 | D:14     | Killed a frost giant
 31477 | D:14     | Killed a frost giant
 31477 | D:14     | Reached skill level 12 in Stealth
 31766 | D:15     | Entered Level 15 of the Dungeon
 31803 | D:15     | Reached skill level 1 in Armour
 31985 | D:15     | Found a staircase to the Depths.
 32061 | D:15     | Reached skill level 13 in Stealth
 32749 | D:15     | Reached skill level 3 in Armour
 32825 | D:15     | Received a gift from Nemelex Xobeh
 33204 | Orc:1    | Entered Level 1 of the Orcish Mines
 33270 | Orc:1    | Reached XP level 15. HP: 110/117 MP: 26/26
 33340 | Orc:1    | Noticed Nergalle
 33387 | Orc:1    | Killed Nergalle
 33852 | Orc:2    | Entered Level 2 of the Orcish Mines
 33955 | Orc:2    | Found Vieluu's Jewellery Emporium.
 33960 | Orc:2    | Received a gift from Nemelex Xobeh
 33973 | Orc:2    | Found Ticeq's Book Boutique.
 33986 | Orc:2    | Bought a book of Burglary for 1050 gold pieces
 33993 | Orc:2    | Learned a level 6 spell: Invisibility
 34203 | Orc:2    | Noticed Maurice
 34211 | Orc:2    | Killed Maurice
 34304 | Orc:2    | Found Rytun's Antique Weapon Boutique.
 34312 | Orc:2    | Noticed Donald
 34316 | Orc:2    | Killed Donald
 34455 | Orc:2    | Found Tuijuac's General Store.
 34464 | Orc:2    | Bought a scroll of identify for 32 gold pieces
 34564 | Orc:2    | Found a roughly hewn altar of Beogh.
 34623 | Orc:2    | Found a roughly hewn altar of Beogh.
 34624 | Orc:2    | Found Hachiuw's Antique Armour Shop.
 34688 | Orc:2    | Bought a distressingly furry scarf for 250 gold pieces
 34693 | Orc:2    | Identified the scarf of Keirph {*Slow rC+++ MR- rCorr} (You bought it in a shop on level 2 of the Orcish Mines)
 34719 | Orc:2    | Found Daibakle's Jewellery Shoppe.
 34721 | Orc:2    | Found a staircase to the Elven Halls.
 34725 | Orc:2    | Received a gift from Nemelex Xobeh
 34726 | Orc:2    | Reached skill level 12 in Hexes
 34734 | Orc:2    | Bought the ring "Jipnel" {rF+ rC+ MR+ Int+2} for 552 gold pieces
 34770 | Orc:2    | Found a roughly hewn altar of Beogh.
 34861 | Orc:2    | Found a roughly hewn altar of Beogh.
 34862 | Orc:2    | Found Reogunn's Food Boutique.
 34961 | Orc:2    | Found a roughly hewn altar of Beogh.
 35061 | Orc:2    | Noticed an orc warlord
 35063 | Orc:2    | Found Vichigewn's Antique Armour Emporium.
 35063 | Orc:2    | Found a roughly hewn altar of Beogh.
 35628 | Orc:2    | Killed an orc warlord
 35747 | Orc:2    | Found Qaew's Antique Weapon Shoppe.
 35764 | Orc:2    | Bought a slimy leather armour for 203 gold pieces
 35764 | Orc:2    | Bought a pair of glowing boots for 217 gold pieces
 35774 | Orc:2    | Identified the +1 leather armour of the Desolation of Salt {rC+ Dex+2} (You bought it in a shop on level 2 of the Orcish Mines)
 35820 | Orc:2    | Found a roughly hewn altar of Beogh.
 35954 | Orc:2    | Found a roughly hewn altar of Beogh.
 36259 | Snake:1  | Entered Level 1 of the Snake Pit
 36276 | Snake:1  | Reached skill level 14 in Stealth
 36616 | Snake:1  | Received a gift from Nemelex Xobeh
 37215 | Shoals:1 | Entered Level 1 of the Shoals
 37229 | Shoals:1 | Noticed a kraken
 37254 | Shoals:1 | Killed a kraken
 37472 | Shoals:1 | Received a gift from Nemelex Xobeh
 38922 | Shoals:2 | Reached XP level 16. HP: 92/127 MP: 21/28
 38966 | Shoals:2 | Reached skill level 15 in Stealth
 38969 | Shoals:2 | Reached skill level 9 in Spellcasting
 39150 | Shoals:2 | Reached skill level 12 in Fighting
 39403 | Shoals:2 | Received a gift from Nemelex Xobeh
 39448 | Shoals:2 | Slain by an alligator snapping turtle

Skill      XL: |  1  2  3  4  5  6  7  8  9 10 11 12 13 14 15 16 |
---------------+-------------------------------------------------+-----
Stealth        | 1 3 4 6 7 9 13 14 15 | 15.3
Short Blades   | 3 4 5 6 7 8 9 10 | 10.3
Hexes          | 2 5 6 7 11 13 | 13.7
Charms         | 4 5 6 |  6.2
Spellcasting   | 4 5 7 8 9 |  9.1
Necromancy     | 4 5 |  5.4
Fighting       | 3 6 8 10 11 12 | 12.0
Summonings     | 3 6 7 |  7.0
Air Magic      | 3 6 |  6.7
Invocations    | 5 7 |  7.5
Dodging        | 6 9 |  9.7
Shields        | 4 |  4.0
Armour         | 3 5 |  5.8

Action                   |  1- 3 |  4- 6 |  7- 9 | 10-12 | 13-15 | 16-18 || total
-------------------------+-------+-------+-------+-------+-------+-------++-------
Melee: Short sword       |    81 |       |       |       |       |       ||    81
       Bite              |     6 |    14 |    30 |    96 |   264 |    15 ||   425
       Dagger            |    17 |   127 |   346 |   798 |   884 |       ||  2172
       Unarmed           |       |       |       |       |     1 |       ||     1
       Quick blade       |       |       |       |       |  1231 |   125 ||  1356
Throw: Throwing net      |       |       |       |       |     1 |       ||     1
 Cast: Infusion          |    16 |    11 |     4 |     7 |     3 |       ||    41
       Spectral Weapon   |       |     2 |    12 |    39 |    24 |       ||    77
       Regeneration      |       |     1 |     5 |    61 |    99 |     2 ||   168
       Summon Lightning  |       |       |       |    55 |    78 |     2 ||   135
       Confuse           |       |       |       |     5 |    91 |     1 ||    97
       Apportation       |       |       |       |       |    18 |       ||    18
       Animate Skeleton  |       |       |       |       |     2 |       ||     2
       Invisibility      |       |       |       |       |    11 |     3 ||    14
Invok: Deal Four         |       |       |       |       |     3 |       ||     3
 Abil: Bat Form          |       |     2 |     4 |     8 |    15 |       ||    29
       End Transformatio |       |     1 |     3 |     9 |    15 |       ||    28
Evoke: Deck              |       |       |    10 |    17 |    28 |       ||    55
       Wand              |       |       |       |     6 |     2 |       ||     8
  Use: Potion            |       |     9 |    12 |    38 |    54 |     7 ||   120
       Scroll            |       |     7 |     1 |    12 |    21 |     2 ||    43
 Stab: Sleeping          |     2 |     8 |    21 |    21 |    55 |    11 ||   118
       Distracted        |       |       |     2 |    25 |    39 |       ||    66
       Confused          |       |       |       |     1 |    35 |       ||    36
       Invisible         |       |       |       |       |    52 |    14 ||    66
       Held in net/web   |       |       |       |       |     3 |       ||     3
Armor: Leather armour    |    30 |    30 |    98 |   167 |   190 |    12 ||   527
       Acid dragon scale |       |       |       |       |    58 |       ||    58
Dodge: Dodged            |    61 |    50 |   136 |   320 |   950 |    56 ||  1573
Block: Buckler           |       |       |       |       |   193 |    13 ||   206
